 Dungeon Crawl Stone Soup version 0.17.0-23-g0de4337 (webtiles) character file.

126 septik the Digger (level 5, 0/28 HPs)
             Began as a Gargoyle Earth Elementalist on Nov 13, 2015.
             Slain by a gnoll
             ... wielding a +0 flail
              (10 damage)
             ... on level 3 of the Dungeon.
             The game lasted 00:06:56 (3532 turns).

septik the Digger (Gargoyle Earth Elementalist)     Turns: 3532, Time: 00:06:57

Health: 0/28       AC:  6    Str: 11    XL:     5   Next: 9%
Magic:  6/10       EV: 12    Int: 17    God:
Gold:   46         SH:  0    Dex: 10    Spells: 3 memorised, 5 levels left

rFire  . . .     SeeInvis .     b - 84 stones
rCold  . . .     Clarity  .     f - +0 robe
rNeg   + . .     SustAt   .     (no shield)
rPois  ∞         Gourm    .     (no helmet)
rElec  +         Spirit   .     (no cloak)
rCorr  .         Warding  .     (no gloves)
rMut   .         Stasis   .     (no boots)
MR     .....                    (no amulet)
Stlth  ++........               (no ring)
                                (no ring)

@: not resistant to hostile enchantments, unstealthy
A: negative energy resistance 1, electricity resistance, unbreathing,
petrification resistance, rot immunity, AC +4
a: no special abilities


You were on level 3 of the Dungeon.
You were not hungry.

You visited 1 branch of the dungeon, and saw 4 of its levels.

You collected 46 gold pieces.

Inventory:

Hand Weapons
 a - a +0 whip
Missiles
 b - 84 stones (in hand)
Armour
 f - a +0 robe (worn)
Jewellery
 m - an uncursed ring of stealth {unknown}
 n - an uncursed ring of protection from magic {unknown}
Scrolls
 e - 3 scrolls of identify {unknown}
 h - a scroll of teleportation {unknown}
 j - a scroll of noise {unknown}
 k - a scroll of enchant armour {unknown}
 o - a scroll of fear {unknown}
 t - a scroll of recharging {unknown}
Potions
 i - a potion of mutation {unknown}
 l - a potion of curing {unknown}
 q - a potion of beneficial mutation {unknown}
 s - a potion of lignification {unknown}
Books
 c - a book of Geomancy

   Spells                             Type                      Level
   a - Sandblast                      Earth                        1
   b - Stoneskin                      Transmutation/Earth          2
   c - Passwall                       Transmutation/Earth          3
   d - Stone Arrow                    Conjuration/Earth            3
   e - Petrify                        Transmutation/Earth          4
   f - Lee's Rapid Deconstruction     Earth                        5
Comestibles
 d - 2 bread rations
 g - 2 fruits
 r - a slice of pizza


   Skills:
 - Level 0.2 Fighting
 - Level 0.2 Maces & Flails
 - Level 2.0 Dodging
 - Level 2.2 Stealth
 * Level 3.6 Spellcasting
 - Level 0.7 Transmutations
 + Level 4.8 Earth Magic


You had 5 spell levels left.
You knew the following spells:

 Your Spells              Type           Power        Failure   Level  Hunger
a - Sandblast             Erth           ###...       2%          1    None
b - Stoneskin             Trmt/Erth      ##......     10%         2    ##.....
c - Stone Arrow           Conj/Erth      ##....       21%         3    ###....


Dungeon Overview and Level Annotations

Branches:
Dungeon (4/15)
 Temple: D:4-7

Altars:
Yredelemnul


Innate Abilities, Weirdness & Mutations

You are resistant to torment.
Your stone body is resilient (AC +4).
You are immune to poison.
You resist negative energy.
You are resistant to electric shocks.
You can survive without breathing.
You are immune to petrification.
You are immune to rotting.


Message History

The rocky blast hits the worker ant.
The worker ant is severely wounded.
The jackal barks!
The worker ant twitches its antennae in your direction.
The gnoll hits you with a flail! The worker ant barely misses you.
The worker ant bites you. The gnoll barely misses you.
The gnoll hits you but does no damage. x2
The worker ant bites you but does no damage.
You climb upwards.
All of the chunks of flesh in your inventory have rotted away.
There is a stone staircase leading down here.
Casting: Sandblast
Confirm with . or Enter, or press ? or * to list all spells.
Aiming: Sandblast
Press: ? - help, Shift-Dir - straight line, f - gnoll
Aim: a gnoll, wielding a flail The rocky blast hits the gnoll.
The gnoll is heavily wounded.
The gnoll hits you with a flail!
You die...

.................######## #.....
.................#......# #.....
.................#......# #.....
.................#......## #.....
.................#.......# #.....
..############.#.#.......########
..# #...#.........# ..#
##ag#......##.# ..#
#g@#......##.# ..# ##g#.#######.#
..# #)#.# #.# ### #.#.# #.######
#.#.# #....... #.#.### #######.
###.#...# #. #...#.#.# #.
#.#####.# ##


You could see a worker ant and 3 gnolls.

Vanquished Creatures
  6 adders (D:3)
  An ooze (D:2)
  A worm (D:3)
  An orc (D:3)
  3 giant cockroaches
  7 goblins
  14 hobgoblins
  4 jackals
  13 kobolds
  4 bats
  A giant newt (D:1)
  A quokka (D:3)
  9 rats
65 creatures vanquished.

Notes
Turn   | Place    | Note
--------------------------------------------------------------
     0 | D:1      | septik the Gargoyle Earth Elementalist began the quest for the Orb.
     0 | D:1      | Reached XP level 1. HP: 10/10 MP: 3/3
   297 | D:1      | Reached XP level 2. HP: 15/15 MP: 5/5
   415 | D:1      | Reached skill level 4 in Earth Magic
   971 | D:2      | Reached XP level 3. HP: 19/19 MP: 6/6
   976 | D:2      | Learned a level 2 spell: Stoneskin
   980 | D:2      | Learned a level 3 spell: Stone Arrow
  1473 | D:2      | Found a basalt altar of Yredelemnul.
  1746 | D:3      | Reached XP level 4. HP: 10/24 MP: 5/8
  3282 | D:3      | Reached XP level 5. HP: 25/28 MP: 10/10
  3532 | D:3      | Slain by a gnoll

Action                   |  1- 3 |  4- 6 || total
-------------------------+-------+-------++-------
Melee: Whip              |   142 |   117 ||   259
       Unarmed           |     7 |       ||     7
 Cast: Sandblast         |    27 |    38 ||    65
 Stab: Sleeping          |     2 |       ||     2
  Eat: Chunk             |     3 |     6 ||     9
